 Dungeon Crawl Stone Soup version bcrawl-1.28.1b (webtiles) character file.

Game seed: 12556494114801561740

446519 Morbidden the Slinger (level 11, -14/92 HPs)
             Began as a Demigod Archaeologist on Dec 30, 2020.
             Demolished by a white ugly thing (33 damage)
             ... on level 10 of the Dungeon on Dec 31, 2020.
             The game lasted 00:23:35 (9747 turns).

Morbidden the Slinger (Demigod Archaeologist)       Turns: 9747, Time: 00:23:36

Health: -14/92     AC: 20    Str: 17    XL:     11   Next: 87%
Magic:  21/21      EV:  9    Int: 22    God:    Demigod [*****.]
Gold:   783        SH: 13    Dex: 15    Spells: 10/19 levels left

rFire    + . .     SeeInvis +   b - +7 long sword "Unytuff Keco" {pain, rF+}
rCold    . . .     Gourm    .   V - +3 medium shield
rNeg     + + .     Faith    .   Q - +8 ring mail of the Teacher {rElec rPois rN++ Stlth-}
rPois    +         Spirit   .   G - +2 helmet
rElec    +         Reflect  .   k - +0 cloak
rCorr    .         Harm     .   (no gloves)
MR       ++...                  d - +1 pair of boots
Stlth    +.........             I - amulet of magic regeneration
HPRegen  0.25/turn              T - ring of protection from magic
MPRegen  0.42/turn              W - ring of see invisible

@: studying Hexes
A: high mp 1
a: Temporal Distortion, Growth, Major Destruction, Heroism, Divine Shield


You were on level 10 of the Dungeon.
You worshipped Demigod.
Demigod was extremely pleased with you.
You were not hungry.

You visited 2 branches of the dungeon, and saw 11 of its levels.
You also visited: Sewer and Bailey.

You collected 1579 gold pieces.
You spent 796 gold pieces at shops.

Inventory:

Hand Weapons
 a - the +6 hunting sling of the Feather {venom, Str+8}
   (You found it in a sewer)

   It poisons the ammo it fires.
   It affects your strength (+8).
 b - the +7 long sword "Unytuff Keco" (weapon) {pain, rF+}
   (You bought it in a shop on level 7 of the Dungeon)

   In the hands of one skilled in necromantic magic, it inflicts extra damage on
   living creatures.
   It protects you from fire.
 L - a +4 scimitar of flaming
Missiles
 h - 113 steel javelins
 j - 296 javelins
 s - 99 poisoned tomahawks (quivered)
 x - 388 bolts
 z - 1573 stones
 H - 954 sling bullets
 U - 10 throwing nets {=f}
Armour
 d - a +1 pair of boots (worn)
 k - a +0 cloak (worn)
 G - a +2 helmet (worn)
 M - a +0 plate armour
 Q - the +8 ring mail of the Teacher (worn) {rElec rPois rN++ Stlth-}
   (You took it off a kobold on level 10 of the Dungeon)

   It insulates you from electricity.
   It protects you from poison.
   It greatly protects you from negative energy.
   It makes you less stealthy.
 V - a +3 medium shield (worn)
Magical Staves
 t - an uncursed staff of cold
 Y - an uncursed staff of power
Jewellery
 r - an uncursed ring of resist corrosion
 u - an uncursed ring of flight
 I - an amulet of magic regeneration (around neck)
 S - an uncursed ring of positive energy
 T - a ring of protection from magic (left hand)
 W - a ring of see invisible (right hand)
Wands
 g - a wand of paralysis (10)
 K - a wand of polymorph (23)
 P - a wand of flame (39)
 X - a wand of acid (5)
Scrolls
 l - 4 scrolls of enchant weapon
 m - 4 scrolls of remove curse
 v - 2 scrolls of magic mapping
 y - 2 scrolls of enchant armour
 B - 2 scrolls of blinking
 D - 2 scrolls of fog
 J - 5 scrolls of identify
 N - 9 scrolls of teleportation
Potions
 c - 7 potions of might
 i - 3 potions of berserk rage {unknown}
 n - 8 potions of heal wounds
 o - 8 potions of curing
 p - 3 potions of lignification {unknown}
 q - 2 potions of magic
 w - a potion of agility {unknown}
 A - 3 potions of flight {unknown}
 C - 5 potions of brilliance
 E - 4 potions of degeneration {unknown}
 F - a potion of ambrosia {unknown}
Books
 f - a manual of Hexes
Comestibles
 e - 15 rations {!d}
 O - 2 chunks of flesh


   Skills:
 * Level 7.0 Fighting
   Level 1.7(4.4) Short Blades
 * Level 6.3(6.5) Long Blades
   Level 1.0 Maces & Flails
 + Level 8.6 Slings
 + Level 3.9 Armour
 * Level 6.0 Dodging
 + Level 3.5 Stealth
 * Level 2.2 Shields
 * Level 4.7 Spellcasting
 + Level 7.4 Hexes
 * Level 0.8 Necromancy
 * Level 0.7 Transmutations
 * Level 7.9 Invocations


You had 10 spell levels left.
You knew the following spells:

 Your Spells              Type           Power        Failure   Level  Hunger
a - Slow                  Hex            #####...     19%         1    None
b - Necromutation         Tmut/Necr      #.......     100%        8    #######

Your spell library contained the following spells:

 Spells                   Type           Power        Failure   Level  Hunger
 Inner Flame              Hex/Fire       N/A          95%         3    ###....
 Apportation              Tloc           #.....       98%         1    None
 Infusion                 Chrm           #.......     98%         1    None
 Sandblast                Erth           #.....       98%         1    None
 Summon Butterflies       Summ           #.......     98%         1    None
 Spider Form              Tmut/Pois      #..          100%        3    ###....
 Infestation              Hex/Tmut/Pois  ###......    100%        6    #######


Dungeon Overview and Level Annotations

Branches:
Dungeon (10/12)            Temple (1/1) D:6            Lair (0/6) D:9
    Orc (0/1) D:10

Shops:
D:4 !   D:7 (   D:8 *[[%?


Innate Abilities, Weirdness & Mutations

You have an increased reservoir of magic. (+10% MP)


Message History

You barely miss the white ugly thing.
The white ugly thing is lightly wounded.
You block the white ugly thing's attack.
You slash the white ugly thing!
The white ugly thing is moderately wounded.
The white ugly thing barely misses you.
You slash the white ugly thing!
The white ugly thing is heavily wounded.
The white ugly thing barely misses you.
You slash the white ugly thing!
The white ugly thing is severely wounded.
The white ugly thing pecks you. The white ugly thing freezes you!!
* * * LOW HITPOINT WARNING * * *
You barely miss the white ugly thing.
The white ugly thing is severely wounded.
The white ugly thing pecks you.
* * * LOW HITPOINT WARNING * * *
The white ugly thing freezes you!!
You die...
Your divinity fades.

#.##...........#####.##.# #...
#.##...>##.>........>##.# ###...
#.##.#.###..##.########.# #.....
#.##.#.# #..##.# #.###.###.
#.##.#.###..##.# #.....# #.
#.##...........# #####.###.
#..#.###.##.##)# #.....
##.#.###.##.##.##############.##
#.#.#........u@..............##
###.#.#.....###.#################
))).............# #
###.#.#..)..###.# #
#......)<.###[# #
#.##.....).##[## #
#.##.#####.##).### ###########
#.##.# ####.....####..........
##...# #.....8.....#.#########


You could see a white ugly thing.

Vanquished Creatures
  A centaur warrior (D:8)
  Harold (D:9)
  2 two-headed ogres
  Pikel (D:6)
  An ugly thing (D:10)
  2 centaur zombies
  2 kobold demonologists (D:10)
  An efreet (D:10)
  2 trolls (D:8)
  A meliai (D:7)
  2 hornets
  3 hippogriffs
  12 yaks (D:9)
  A wyvern (D:8)
  A basilisk (D:9)
  Edmund (D:6)
  A crocodile (D:9)
  3 porcupines (D:9)
  5 ice beasts
  4 sky beasts
  Duvessa (D:6)
  2 orc warriors
  A slave (D:6)
  3 ogres
  A phantom (D:9)
  A necrophage (D:6)
  3 centaurs
  4 bullfrogs
  5 big kobolds
  8 gnoll sergeants (Bailey)
  Dowan (D:6)
  A scorpion (D:7)
  8 wights
  2 howler monkeys (D:7)
  5 crimson imps
  A bullfrog zombie (D:8)
  5 hounds
  4 bullfrog skeletons
  3 jellies
  9 orc wizards
  6 gnoll shamans (Bailey)
  An orc priest (D:10)
  2 centaur skeletons
  4 iguanas
  Natasha (thrice) (D:4)
  15 worker ants
  2 hound skeletons
  A hound zombie (D:6)
  A howler monkey zombie (D:5)
  Robin (D:2)
  18 gnolls
  6 adders
  2 shadow imps
  4 oozes
  An adder skeleton (D:5)
  An adder zombie (D:5)
  3 worms
  3 dart slugs
  7 leopard geckos
  31 orcs
  6 bats
  7 giant cockroaches
  13 goblins
  11 hobgoblins
  18 jackals
  A quokka (D:7)
  4 ball pythons
  3 frilled lizards
  32 kobolds
  A quokka skeleton (D:3)
  A quokka zombie (D:5)
  9 rats
333 creatures vanquished.

Vanquished Creatures (others)
  A slave (D:6)
  2 fungi
  2 plants (D:9)
  2 toadstools (D:4)
7 creatures vanquished.

Grand Total: 340 creatures vanquished

Notes
Turn   | Place    | Note
-------+----------+-------------------------------------------
     0 | D:1      | Morbidden the Demigod Archaeologist began the quest for the
                  | Orb.
     0 | D:1      | Reached XP level 1. HP: 15/15 MP: 3/3
   212 | D:1      | Reached XP level 2. HP: 22/22 MP: 4/4
   278 | D:1      | Reached skill level 1 in Invocations
   281 | D:1      | Reached skill level 1 in Maces & Flails
   353 | D:1      | Reached skill level 1 in Fighting
   374 | D:1      | Reached XP level 3. HP: 16/28 MP: 6/6
   841 | D:2      | Reached * piety under Demigod
  1086 | D:2      | Noticed Robin
  1102 | D:2      | Reached skill level 1 in Long Blades
  1106 | D:2      | Reached XP level 4. HP: 33/35 MP: 8/8
  1112 | D:2      | Killed Robin
  1872 | D:3      | Found a shadowy altar of Dithmenos.
  1914 | D:3      | Reached ** piety under Demigod
  1963 | D:3      | Found a glowing drain.
  1967 | Sewer    | Entered a sewer
  1997 | Sewer    | Noticed a big kobold
  2009 | Sewer    | Killed a big kobold
  2010 | Sewer    | Reached skill level 1 in Short Blades
  2010 | Sewer    | Reached skill level 1 in Armour
  2010 | Sewer    | Reached XP level 5. HP: 38/41 MP: 9/9
  2010 | Sewer    | Identified a scroll of acquirement
  2024 | Sewer    | Got a masterwork hunting sling
  2031 | Sewer    | Identified the +0 cloak of Heresy {rElec rC++ Int-3 Dex+3}
                  | (You acquired it in a sewer)
  2031 | Sewer    | Identified the amulet "Lojoar" {Gourm +Fly rPois rN+ MR-}
                  | (You acquired it in a sewer)
  2057 | Sewer    | Identified the +6 hunting sling of the Feather {venom,
                  | Str+8} (You found it in a sewer)
  2148 | Sewer    | Reached XP level 6. HP: 25/48 MP: 9/11
  2496 | D:3      | Learned a level 1 spell: Slow
  3028 | D:4      | Noticed Natasha
  3058 | D:4      | Killed Natasha
  3193 | D:4      | Noticed a sky beast
  3215 | D:4      | Killed a sky beast
  3216 | D:4      | Reached skill level 1 in Hexes
  3216 | D:4      | Reached XP level 7. HP: 56/56 MP: 12/12
  3226 | D:4      | Noticed Natasha
  3229 | D:4      | Killed Natasha
  3270 | D:4      | Found Kitras's Distillery.
  3276 | D:4      | Bought a potion of curing for 30 gold pieces
  3276 | D:4      | Bought a potion of magic for 60 gold pieces
  3303 | D:4      | Noticed Natasha
  3309 | D:4      | Killed Natasha
  3310 | D:4      | Reached skill level 1 in Spellcasting
  3373 | D:4      | Reached skill level 1 in Slings
  3518 | D:4      | Reached *** piety under Demigod
  3632 | D:4      | Reached skill level 2 in Slings
  3815 | D:5      | Entered Level 5 of the Dungeon
  4127 | D:5      | Reached XP level 8. HP: 63/63 MP: 14/14
  4129 | D:5      | Reached skill level 3 in Slings
  4607 | D:6      | Noticed Pikel
  4613 | D:6      | Killed Pikel
  4614 | D:6      | Reached skill level 4 in Slings
  4646 | D:6      | Reached skill level 5 in Slings
  4646 | D:6      | Reached XP level 9. HP: 69/71 MP: 15/15
  4699 | D:6      | Noticed Duvessa
  4699 | D:6      | Noticed Dowan
  4703 | D:6      | Killed Duvessa
  4704 | D:6      | Reached skill level 5 in Invocations
  4709 | D:6      | Killed Dowan
  4983 | D:6      | Reached **** piety under Demigod
  5171 | D:6      | Noticed Edmund
  5175 | D:6      | Killed Edmund
  5369 | D:6      | Found a staircase to the Ecumenical Temple.
  5382 | Temple   | Entered the Ecumenical Temple
  5480 | D:7      | Found Donlewey's Antique Weapon Boutique.
  5482 | D:7      | Found an iron altar of Okawaru.
  5488 | D:7      | Bought a steaming scimitar for 216 gold pieces
  5488 | D:7      | Identified the +5 scimitar of Infinite Pain {slice, Str-3
                  | Int+5 SInv Stlth+} (You bought it in a shop on level 7 of
                  | the Dungeon)
  5490 | D:7      | Bought an ancient long sword for 204 gold pieces
  5490 | D:7      | Identified the +7 long sword "Unytuff Keco" {pain, rF+}
                  | (You bought it in a shop on level 7 of the Dungeon)
  5590 | D:7      | Reached skill level 6 in Slings
  5590 | D:7      | Reached skill level 5 in Hexes
  5755 | D:7      | Noticed a meliai
  5757 | D:7      | Reached skill level 5 in Fighting
  5758 | D:7      | Reached XP level 10. HP: 44/81 MP: 18/18
  6124 | D:7      | Found an opulent altar of Gozag.
  6386 | D:8      | Found Taaqemp's Magic Scroll Shoppe.
  6401 | D:8      | Bought a scroll of blinking for 82 gold pieces
  6401 | D:8      | Bought 3 scrolls of teleportation for 99 gold pieces
  6403 | D:8      | Found Qyxuj's Food Emporium.
  6476 | D:8      | Found Bycoir's Assorted Antiques.
  6476 | D:8      | Noticed a centaur warrior
  6483 | D:8      | Killed a centaur warrior
  6484 | D:8      | Reached skill level 7 in Slings
  6562 | D:8      | Bought a jade ring for 105 gold pieces
  6622 | D:8      | Reached skill level 5 in Dodging
  6631 | D:8      | Reached ***** piety under Demigod
  6668 | D:8      | Found a bloodstained altar of Trog.
  6742 | D:8      | Found Hyorhav's Armour Emporium.
  6750 | D:8      | Found Cyrijag's Antique Armour Boutique.
  6802 | D:8      | Reached skill level 5 in Long Blades
  7180 | D:9      | Reached XP level 11. HP: 89/89 MP: 20/20
  7285 | D:9      | Noticed Harold
  7304 | D:9      | Killed Harold
  7305 | D:9      | Reached skill level 8 in Slings
  7424 | D:9      | Noticed a two-headed ogre
  7431 | D:9      | Killed a two-headed ogre
  7529 | D:9      | Reached skill level 1 in Shields
  7898 | D:9      | Found a staircase to the Lair.
  8134 | D:10     | Entered Level 10 of the Dungeon
  8134 | D:10     | Noticed a two-headed ogre
  8150 | D:10     | Killed a two-headed ogre
  8222 | D:10     | Found a flagged portal.
  8229 | Bailey   | Entered a bailey
  8583 | Bailey   | Identified the Catalogue of the Dozen Dreams
  8713 | Bailey   | Learned a level 8 spell: Necromutation
  8851 | D:10     | Noticed a cyan ugly thing
  8861 | D:10     | Killed a cyan ugly thing
  9047 | D:10     | Identified the +8 ring mail of the Teacher {rElec rPois
                  | rN++ Stlth-}
  9088 | D:10     | Noticed a sixfirhy
  9089 | D:10     | Noticed a sun demon
  9217 | D:9      | Noticed a soul eater
  9378 | D:10     | Found a staircase to the Orcish Mines.
  9733 | D:10     | Noticed a white ugly thing
  9747 | D:10     | Demolished by a white ugly thing

Skill      XL: |  1  2  3  4  5  6  7  8  9 10 11 |
---------------+----------------------------------+-----
Dodging        | 3 4 5 6 |  6.0
Invocations    | 1 2 3 4 5 7 |  7.9
Maces & Flails | 1 |  1.0
Fighting       | 1 2 3 4 5 6 7 |  7.0
Long Blades    | 1 2 3 4 5 6 |  6.3
Short Blades   | 1 |  1.7
Armour         | 1 2 3 |  3.9
Hexes          | 1 3 4 5 6 7 |  7.4
Spellcasting   | 1 2 3 4 |  4.7
Slings         | 2 5 6 7 8 |  8.6
Shields        | 2 |  2.2
Stealth        | |  3.5
Necromancy     | |  0.8
Transmutations | |  0.7

Action                   |  1- 3 |  4- 6 |  7- 9 | 10-12 || total
-------------------------+-------+-------+-------+-------++-------
Melee: Whip              |    44 |       |       |       ||    44
       Falchion          |    60 |    61 |       |       ||   121
       Dagger            |    29 |   161 |       |       ||   190
       Scimitar          |       |     4 |    37 |       ||    41
       Hunting sling     |       |       |     1 |       ||     1
       Long sword        |       |       |       |   166 ||   166
 Fire: Hunting sling     |       |    33 |   319 |   469 ||   821
Throw: Tomahawk          |       |     1 |       |       ||     1
 Cast: Slow              |       |       |     1 |       ||     1
Invok: Heroism           |       |       |       |     3 ||     3
Evoke: Wand              |       |       |       |     1 ||     1
  Use: Scroll            |       |     5 |     1 |     8 ||    14
  Eat: Chunk             |     4 |    14 |    17 |    25 ||    60
       Ration            |       |       |       |     1 ||     1
Armor: Chain mail        |    58 |   200 |    71 |       ||   329
       Robe              |     3 |       |       |       ||     3
       Plate armour      |       |       |    29 |   200 ||   229
       Ring mail         |       |       |       |     4 ||     4
Dodge: Dodged            |    63 |   122 |    85 |    73 ||   343
Block: Other             |       |       |       |     1 ||     1
       Medium shield     |       |       |       |   151 ||   151
